 Dungeon Sprint DCSS version 0.22.1-2-g9c5b331383 (webtiles) character file.

12100000 Groucho the Intangible (level 27, -13/224 HPs)
             Began as a Halfling Gladiator on Jan 5, 2019.
             Was the Champion of Makhleb.
             Killed from afar by a large bag of meat (35 damage)
             ... with an exploding inner flame
             ... in the Dungeon (Sprint VIII: "Arena of Blood").
             The game lasted 00:06:31 (121 turns).

Groucho the Intangible (Halfling Gladiator)          Turns: 121, Time: 00:06:32

Health: -13/224    AC:  8    Str: 15    XL:     27
Magic:  43/54      EV: 41    Int:  6    God:    Makhleb [******]
Gold:   0          SH:  0    Dex: 29    Spells: 80/80 levels left

rFire    . . .     SeeInvis .   l - +∞ Axe of Woe
rCold    . . .     Gourm    .   (shield currently unavailable)
rNeg     . . .     Faith    .   b - +0 leather armour
rPois    .         Spirit   .   c - +0 helmet
rElec    .         Reflect  .   (no cloak)
rCorr    .         Harm     .   (no gloves)
MR       ++...     NoTele   +   (no boots)
Stlth    +++++++++.             (no amulet)
HPRegen  0.00/turn              s - +200 ring of slaying
MPRegen  0.34/turn              m - +200 ring of slaying

@: non-regenerating, mildly diseased, hasted, very quick
A: small, mutation resistance 1
a: Minor Destruction, Lesser Servant of Makhleb, Major Destruction, Greater
Servant of Makhleb, Renounce Religion


You were in the Dungeon.
You worshipped Makhleb.
Makhleb was exalted by your worship.
You were not hungry.

You visited 1 branch

Inventory:

Hand Weapons
 a - a +0 war axe
 l - the +∞ Axe of Woe (weapon)
   (You found it in the Dungeon)
Missiles
 d - 3 throwing nets (quivered)
Armour
 b - a +0 leather armour (worn)
 c - a +0 helmet (worn)
Jewellery
 g - a +200 ring of slaying
 h - a +100 ring of slaying
 m - a +200 ring of slaying (right hand)
 n - a +30 ring of slaying
 o - a +200 ring of slaying
 p - a +30 ring of slaying
 q - a +100 ring of slaying
 r - a +100 ring of slaying
 s - a +200 ring of slaying (left hand)
Scrolls
 k - a scroll of blinking
Potions
 e - a potion of curing
 i - 2 potions of magic
 j - a potion of berserk rage
Comestibles
 f - a ration


   Skills:
 O Level 27 Fighting
 O Level 27 Axes
 O Level 27 Throwing
 O Level 27 Armour
 O Level 27 Dodging
 O Level 27 Stealth
 O Level 27 Unarmed Combat
 O Level 27 Spellcasting
 O Level 27 Invocations


You had 80 spell levels left.
You didn't know any spells.
Your spell library was empty.

Dungeon Overview and Level Annotations

Branches:
Dungeon (1/1)

Altars:
Makhleb


Innate Abilities, Weirdness & Mutations

You are small and have problems with some larger weapons.
You are somewhat resistant to further mutation.


Message History

Your body is wracked with pain!
* * * LOW HITPOINT WARNING * * *
The meat berserker convulses!
You hear a shout! x2
Unknown command.
You slice the destroyer!!
You pulverise the destroyer into a thin bloody mist.
You destroy the destroyer!
Makhleb accepts your kill.
You hear a shout!
The fleshlord appears out of thin air!
A fleshlord comes into view. It is wielding a +9 great mace.
You hear a shout!
You hear an angry hiss.
Unknown command.
The fleshlord shouts!
You dice the large bag of meat like an onion!!!!!
You butcher the large bag of meat messily.
The large bag of meat explodes!
The fiery explosion engulfs you!
You die...

.. ....p #.. ...#
#.. .%.# . .###%O
...###..
..W...###....o.
.D..%§§§....
#%§§))# #_)@§_#
#.))))#
L....L.._.))......
....%%.###....W...
..###.. ...###...
. #.. .%.# W. #..
....# ... .....
..........


You could see a tyrant, an eight-headed meat hydra, a fleshlord, 2 dreads, a
meat berserker (berserk) and a bag of meat.

Vanquished Creatures
  4 hell beasts (D)
  5 greater mummies (D)
  3 great orbs of eyes (D)
  3 wraiths (D)
  15 vampire knights (D)
  30 ogres (D)
  7 two-headed ogres (D)
  4 liches (D)
  4 hydras (D)
  45 orcs (D)
  3 skeletal warriors (D)
  A sea snake (D)
  2 large abominations (D)
  3 small abominations (D)
  12 crawling corpses (D)
141 creatures vanquished.

Vanquished Creatures (others)
  A two-headed ogre (D)
  A hydra (D)
2 creatures vanquished.

Grand Total: 143 creatures vanquished

Notes
Turn   | Place    | Note
-------+----------+-------------------------------------------
     0 | D        | Found the +∞ Axe of Woe
     0 | D        | Groucho the Halfling Gladiator began the quest for the Orb.
     0 | D        | Reached XP level 1. HP: 14/14 MP: 1/1
     2 | D        | Noticed a meat berserker
     2 | D        | Noticed a bag of meat
     3 | D        | Noticed a bag of meat
     4 | D        | Became a worshipper of Makhleb the Destroyer
     6 | D        | Killed a meat berserker
     6 | D        | Reached XP level 2. HP: 19/19 MP: 2/2
     6 | D        | Reached XP level 3. HP: 24/24 MP: 3/3
     6 | D        | Reached XP level 4. HP: 29/29 MP: 4/4
     6 | D        | Reached XP level 5. HP: 34/34 MP: 5/5
     6 | D        | Reached XP level 6. HP: 39/39 MP: 6/6
     6 | D        | Reached XP level 7. HP: 44/44 MP: 7/7
     6 | D        | Reached XP level 8. HP: 49/49 MP: 8/8
     6 | D        | Reached XP level 9. HP: 54/54 MP: 9/9
     6 | D        | Reached XP level 10. HP: 60/60 MP: 10/10
     6 | D        | Reached XP level 11. HP: 64/64 MP: 11/11
     6 | D        | Reached XP level 12. HP: 70/70 MP: 12/12
     6 | D        | Reached XP level 13. HP: 74/74 MP: 13/13
     7 | D        | Noticed a bag of meat
     8 | D        | Killed a bag of meat
     8 | D        | Reached * piety under Makhleb
     8 | D        | Reached XP level 14. HP: 80/80 MP: 14/14
     9 | D        | Noticed a meat berserker
    10 | D        | Killed a bag of meat
    10 | D        | Reached skill level 27 in Dodging
    10 | D        | Reached XP level 15. HP: 84/84 MP: 15/15
    10 | D        | Noticed a meat berserker
    12 | D        | Killed a meat berserker
    12 | D        | Reached skill level 27 in Axes
    12 | D        | Reached XP level 16. HP: 114/114 MP: 16/16
    13 | D        | Noticed a meat berserker
    14 | D        | Noticed a meat berserker
    15 | D        | Killed a meat berserker
    15 | D        | Reached ** piety under Makhleb
    15 | D        | Reached XP level 17. HP: 137/137 MP: 17/17
    17 | D        | Noticed a meat berserker
    18 | D        | Killed a meat berserker
    18 | D        | Reached *** piety under Makhleb
    18 | D        | Reached XP level 18. HP: 153/153 MP: 18/18
    18 | D        | Noticed a meat berserker
    19 | D        | Noticed a meat berserker
    20 | D        | Killed a meat berserker
    20 | D        | Reached skill level 27 in Fighting
    20 | D        | Reached skill level 27 in Armour
    20 | D        | Reached XP level 19. HP: 170/170 MP: 18/25
    22 | D        | Killed a meat berserker
    22 | D        | Killed a meat berserker
    22 | D        | Reached **** piety under Makhleb
    22 | D        | Reached skill level 27 in Invocations
    22 | D        | Reached XP level 20. HP: 177/177 MP: 18/37
    22 | D        | Noticed a large bag of meat
    26 | D        | Killed a meat berserker
    26 | D        | Reached XP level 21. HP: 168/183 MP: 19/38
    27 | D        | Killed a large bag of meat
    28 | D        | Noticed a destroyer
    29 | D        | Reached ***** piety under Makhleb
    29 | D        | Reached skill level 27 in Unarmed Combat
    31 | D        | Reached XP level 22. HP: 190/190 MP: 20/39
    31 | D        | Reached skill level 27 in Throwing
    32 | D        | Noticed a large bag of meat
    34 | D        | Killed a destroyer
    34 | D        | Reached XP level 23. HP: 150/197 MP: 20/45
    34 | D        | Noticed a destroyer
    36 | D        | Killed a destroyer
    36 | D        | Killed a large bag of meat
    36 | D        | Reached ****** piety under Makhleb
    38 | D        | Reached skill level 27 in Spellcasting
    38 | D        | Reached XP level 24. HP: 168/204 MP: 21/54
    38 | D        | Noticed a destroyer
    41 | D        | Noticed a large bag of meat
    42 | D        | Reached skill level 27 in Stealth
    42 | D        | Noticed a large bag of meat
    44 | D        | Noticed a large bag of meat
    45 | D        | Noticed a large bag of meat
    47 | D        | Noticed a destroyer
    48 | D        | Killed a destroyer
    48 | D        | Reached XP level 25. HP: 141/210 MP: 24/54
    48 | D        | Noticed a destroyer
    49 | D        | Noticed a destroyer
    50 | D        | Killed a large bag of meat
    50 | D        | Killed a large bag of meat
    50 | D        | Noticed a destroyer
    50 | D        | Noticed a large bag of meat
    51 | D        | Noticed an accursed
    52 | D        | Killed a destroyer
    52 | D        | Reached XP level 26. HP: 217/217 MP: 25/54
    52 | D        | Noticed a destroyer
    52 | D        | Noticed a tyrant
    53 | D        | Killed a destroyer
    54 | D        | Killed a large bag of meat
    54 | D        | Noticed an accursed
    55 | D        | Killed a tyrant
    56 | D        | Noticed a large bag of meat
    57 | D        | Killed a destroyer
    57 | D        | Reached XP level 27. HP: 224/224 MP: 26/54
    58 | D        | Noticed an accursed
    58 | D        | Noticed a destroyer
    59 | D        | Killed a destroyer
    60 | D        | Killed a large bag of meat
    61 | D        | Killed a destroyer
    61 | D        | Noticed a destroyer
    64 | D        | Killed a large bag of meat
    65 | D        | Killed a large bag of meat
    65 | D        | Killed an accursed
    66 | D        | Killed an accursed
    68 | D        | Killed a destroyer
    69 | D        | Noticed a dread
    70 | D        | Killed a destroyer
    71 | D        | Killed an accursed
    71 | D        | Noticed an accursed
    71 | D        | Noticed a destroyer
    71 | D        | Noticed a dread
    73 | D        | Killed a dread
    75 | D        | Killed a destroyer
    75 | D        | Noticed a destroyer
    76 | D        | Killed a dread
    77 | D        | Killed a destroyer
    81 | D        | Killed an accursed
    82 | D        | Noticed a meat beast
    83 | D        | Killed a meat beast
    84 | D        | Noticed a dread
    85 | D        | Noticed a meat beast
    87 | D        | Killed a meat beast
    88 | D        | Noticed an accursed
    89 | D        | Noticed a dread
    89 | D        | Noticed a destroyer
    90 | D        | Noticed a destroyer
    90 | D        | HP: 10/224 [??? (7)]
    90 | D        | Noticed a tyrant
    91 | D        | Killed an accursed
    92 | D        | Killed a destroyer
    92 | D        | Noticed a meat beast
    94 | D        | Killed a dread
    96 | D        | Killed a tyrant
    97 | D        | Noticed a tyrant
    98 | D        | Killed a tyrant
    98 | D        | Noticed a meat beast
   101 | D        | Killed a destroyer
   102 | D        | Noticed a tyrant
   105 | D        | Killed a meat beast
   108 | D        | Killed a meat beast
   109 | D        | Noticed a large bag of meat
   110 | D        | Killed a tyrant
   112 | D        | Noticed a tyrant
   113 | D        | Noticed a destroyer
   114 | D        | Noticed a dread
   120 | D        | Killed a destroyer
   120 | D        | Noticed a fleshlord
   121 | D        | Killed a large bag of meat
   121 | D        | Killed from afar by a large bag of meat

Skill      XL: |  1  2  3  4  5  6  7  8  9 10 11 12 13 14 15 16 17 18 19 20 21 22 23 24 |
---------------+-------------------------------------------------------------------------+-----
Axes           | 22 24 25 27 | 27.0
Dodging        | 23 25 27 | 27.0
Fighting       | 12 19 23 27 | 27.0
Armour         | 14 21 26 27 | 27.0
Invocations    | 8 27 | 27.0
Unarmed Combat | 8 23 27 | 27.0
Throwing       | 22 27 | 27.0
Spellcasting   | 18 27 | 27.0
Stealth        | 14 27 | 27.0

Action                   |  1- 3 |  4- 6 |  7- 9 | 10-12 | 13-15 | 16-18 | 19-21 | 22-24 | 25-27 || total
-------------------------+-------+-------+-------+-------+-------+-------+-------+-------+-------++-------
Melee: Broad axe         |     1 |       |       |       |     3 |     4 |     7 |     9 |    52 ||    76
Invok: Greater Servant o |       |       |       |       |       |       |       |       |     2 ||     2
  Use: Potion            |       |       |       |       |       |       |       |       |     2 ||     2
 Stab: Distracted        |       |       |       |       |       |       |       |       |     1 ||     1
Dodge: Dodged            |       |       |       |       |       |       |       |       |     6 ||     6
